 Dungeon Crawl Stone Soup version 0.14-a0-1626-g054e7ae (webtiles) character file.

303 M4edhros the Ducker (level 5, -1/34 HPs)
             Began as an Octopode Gladiator on Dec 25, 2013.
             Was a Follower of Zin.
             Slain by Bastard's ghost (10 damage)
             ... on Level 4 of the Dungeon.
             The game lasted 00:03:49 (2758 turns).

M4edhros the Ducker (Octopode Gladiator)            Turns: 2758, Time: 00:03:50

HP  -1/34        AC  1     Str 14      XL: 5   Next: 42%
MP   5/5         EV 14     Int 11      God: Zin [*.....]
Gold 142         SH  0     Dex 13      Spells:  0 memorised,  4 levels left

rFire  + . .     SeeInvis .     a - +0 quarterstaff (curse)
rCold  x . .     Clarity  .     (no shield)
rNeg   . . .     Conserve .     c - +0 cap (curse)
rPois  +         rCorr    .     (no amulet)
rElec  .         rRot     .     s - cursed ring of fire
SustAb . .       Spirit   .     m - cursed ring of poison resistance
rMut   .         Warding  .     (no ring)
Saprov . . .     Stasis   .     (no ring)
                                (no ring)
                                (no ring)
                                (no ring)
                                (no ring)

@: about to teleport, slightly resistant to hostile enchantments, fairly
stealthy
A: almost no armour, amphibious, 8 rings, constrict 8, camouflage 1, carnivore
1, gelatinous body 1
a: Recite, Renounce Religion


You were on level 4 of the Dungeon.
You worshipped Zin.
Zin was aware of your devotion.
You were not hungry.

You visited 2 branches of the dungeon, and saw 5 of its levels.

You collected 157 gold pieces.
You donated 15 gold pieces.

Inventory:

Hand weapons
 a - a cursed +0,+0 quarterstaff (weapon)
Missiles
 d - 3 throwing nets (quivered)
 n - 2 javelins
Armour
 c - a cursed +0 cap (worn)
Magical devices
 o - a wand of lightning (5) {unknown}
Comestibles
 f - a bread ration
 g - 2 chokos
 r - an orange
Scrolls
 b - 2 scrolls of identify {unknown}
 e - a scroll of curse weapon
 h - 5 scrolls of fear
 j - a scroll of recharging {unknown}
 l - a scroll of remove curse {unknown}
 p - a scroll of enchant armour {unknown}
 u - a scroll of fog {unknown}
Jewellery
 m - a cursed ring of poison resistance (right tentacle)
 s - a cursed ring of fire (left tentacle)
Potions
 i - a potion of heal wounds
 k - a potion of poison
 q - 3 potions of curing


   Skills:
 - Level 2.0 Fighting
 + Level 4.0 Staves
 - Level 2.0 Throwing
 * Level 5.2 Dodging


You had 4 spell levels left.
You didn't know any spells.

Dungeon Overview and Level Annotations

Branches:
Dungeon (4/16)             Temple (1/1) D:4

Altars:
Ashenzari
Cheibriados
Elyvilon
Fedhas
Kikubaaqudgha
Makhleb
Nemelex Xobeh
Sif Muna
Trog
Xom
Yredelemnul
Zin
the Shining One

Annotations:
D:4 Bastard's ghost, average SpBe


Innate Abilities, Weirdness & Mutations

You cannot wear most types of armour.
You are amphibious.
You can wear up to eight rings at the same time.
You can use your tentacles to constrict many enemies at once.
Your skin changes colour to match your surroundings (Stlth).
Your rubbery body absorbs attacks (AC +1).
Your digestive system is specialised to digest meat.


Message History

You closely miss Bastard's ghost. Your squeeze misses Bastard's ghost.
Bastard's ghost hits you.
Bastard's ghost is nearby!
You barely miss Bastard's ghost. Bastard's ghost misses you.
Bastard's ghost hits you!
Bastard's ghost is nearby!
Drink which item? (? for menu, Esc to quit)
Okay, then.
Read which item? (? for menu, Esc to quit)
Okay, then.
Read which item? (? for menu, Esc to quit)
Okay, then.
Bastard's ghost hits you!
* * * LOW HITPOINT WARNING * * *
Read which item? (? for menu, Esc to quit)
As you read the scroll of teleportation, it crumbles to dust.
You feel strangely unstable.
Bastard's ghost hits you but does no damage.
Bastard's ghost hits you!
You die...

# #.. #.# ############ #.#
#..........# #.#
#.########.# # #.# #.# #.##
...# #.# #.# #%##
#..####.###.# ####
#.....@..##.# #≈≈8
#...###p.##.## #≈≈≈ ##...#
#..#...#######≈8≈
#....###)......##...#≈≈≈
#.###....<..............#≈≈≈
#....(..................#≈8≈
#.#.###.#####.#...####.##≈≈≈
#.# #.##.## #.##≈≈≈ #.#
#.#...# #.##≈8≈


You could see Bastard's ghost.

Vanquished Creatures
  An iguana (D:4)
  4 adders
  2 giant mites
  A worm (D:2)
  4 giant geckos
  6 giant cockroaches
  7 goblins
  14 hobgoblins
  5 jackals (D:4)
  3 quokkas
  A ball python (D:1)
  8 bats
  5 giant newts
  A jackal skeleton (D:3)
  6 kobolds
  7 rats
75 creatures vanquished.

Vanquished Creatures (others)
  A giant newt (D:1)
1 creature vanquished.

Grand Total: 76 creatures vanquished

Notes
Turn   | Place    | Note
--------------------------------------------------------------
     0 | D:1      | M4edhros, the Octopode Gladiator, began the quest for the Orb.
     0 | D:1      | Reached XP level 1. HP: 14/14 MP: 1/1
   175 | D:1      | Reached XP level 2. HP: 17/19 MP: 2/2
   761 | D:2      | Reached XP level 3. HP: 24/24 MP: 3/3
   779 | D:2      | Reached skill level 4 in Dodging
  1034 | D:2      | Reached XP level 4. HP: 24/29 MP: 4/4
  1903 | D:3      | Gained mutation: Your digestive system is specialised to digest meat. [potion of beneficial mutation]
  1905 | D:3      | Paralysed by a potion of paralysis for 4 turns
  2343 | D:4      | Reached XP level 5. HP: 32/34 MP: 5/5
  2393 | D:4      | Found a staircase to the Ecumenical Temple.
  2397 | Temple   | Entered the Ecumenical Temple
  2505 | Temple   | Became a worshipper of Zin the Law-Giver
  2505 | Temple   | Acquired Zin's first power
  2600 | D:4      | Reached skill level 5 in Dodging
  2625 | D:4      | Found a shattered altar of Ashenzari.
  2749 | D:4      | Noticed Bastard's ghost (average SpBe)
  2758 | D:4      | Slain by Bastard's ghost

Action                   |  1- 3 |  4- 6 || total
-------------------------+-------+-------++-------
Melee: Quarterstaff      |    53 |    85 ||   138
  Use: Scroll            |       |     9 ||     9
       Potion            |       |     6 ||     6
 Stab: Sleeping          |     5 |     9 ||    14
